 Seeded DCSS version 0.31-a0-626-g8143ab4f1d (webtiles) character file.

Game seed: 12485923201681380469 (custom seed)

45 innerfire43 the Ruffian (level 3, 0/26 HPs)
             Began as a Gnoll Shapeshifter on Aug 24, 2023.
             Slain by Terence
             ... wielding a +0 hand axe
              (4 damage)
             ... on level 2 of the Dungeon.
             The game lasted 00:01:03 (1004 turns).

innerfire43 the Ruffian (Gnoll Shapeshifter)        Turns: 1004, Time: 00:01:04

Health: 0/26       AC:  2    Str: 16    XL:     3   Next: 64%
Magic:  4/4        EV: 13    Int:  7    God:
Gold:   65         SH:  0    Dex: 12    Spells: 3/3 levels left

rFire   . .          .
                       - Unarmed
rCold   . . .        (shield currently unavailable)
rNeg    . . .        a - +0 animal skin
rPois   .            (no helmet)
rElec   .            (no cloak)
rCorr   .            (no gloves)
SInv    .            (no boots)
Will    .....        (no amulet)
Stlth   +            (no ring)
HPRegen 0.24/turn    (no ring)
MPRegen 0.09/turn

%: no passive effects
@: flux-form, glowing
A: glow, contaminating, reduced hp, fangs 1, strong nose, distributed training
a: Begin Untransformation


You were on level 2 of the Dungeon.
You were something dangerously unstable.
You visited 1 branch of the dungeon, and saw 2 of its levels.

You collected 65 gold pieces.

Inventory:

Missiles
 n - a throwing net
Armour
 a - a +0 animal skin (worn)
Jewellery
 h - a +6 ring of strength
Talismans
 c - a beast talisman
 d - a flux talisman (active)
 j - a blade talisman
Scrolls
 f - a scroll of vulnerability {unknown}
 i - a scroll of enchant weapon {unknown}
 k - 2 scrolls of amnesia {unknown}
 l - a scroll of teleportation {unknown}
Potions
 b - a potion of lignification
 e - a potion of enlightenment {unknown}
 g - a potion of experience {unknown}
 m - a potion of brilliance {unknown}


   Skills:
 + Level 2.6 Fighting
 + Level 0.9 Short Blades
 + Level 0.9 Long Blades
 + Level 0.9 Axes
 + Level 0.9 Maces & Flails
 + Level 0.9 Polearms
 + Level 0.9 Staves
 + Level 0.9 Ranged Weapons
 + Level 0.9 Throwing
 + Level 0.9 Armour
 + Level 4.5 Dodging
 + Level 0.9 Stealth
 + Level 0.9 Shields
 + Level 6.5 Unarmed Combat
 + Level 0.9 Spellcasting
 + Level 0.6 Conjurations
 + Level 0.6 Hexes
 + Level 0.6 Summonings
 + Level 0.6 Necromancy
 + Level 0.6 Translocations
 + Level 0.6 Transmutations
 + Level 0.6 Fire Magic
 + Level 0.6 Ice Magic
 + Level 0.6 Air Magic
 + Level 0.6 Earth Magic
 + Level 0.6 Poison Magic
 + Level 1.0 Invocations
 + Level 0.9 Evocations
 + Level 6.5 Shapeshifting


You had 3 spell levels left.
You didn't know any spells.
Your spell library contained the following spells:

 Spells                   Type           Power      Damage    Failure   Level
 Blink                    Tloc           2%         N/A       45%         2
 Lesser Beckoning         Tloc           2%         N/A       45%         2
 Momentum Strike          Conj/Tloc      2%         3d8       45%         2


Dungeon Overview and Level Annotations

Branches:
Dungeon (2/15)

Altars:

Annotations:
D:2 Terence


Innate Abilities, Weirdness & Mutations

You are something dangerously unstable.
You glow with magical radiation, making you easy to see and hit.
Foes you strike become dangerously contaminated with magical radiation.
Your maximum health is decreased, since you lack skill for your form.
You are incapable of wielding weapons or throwing items.
You have very sharp teeth.
Your uncanny sense of smell can sniff out nearby items.
Your experience applies equally to all skills.


Message History

You hit the hobgoblin but do no damage.
The hobgoblin glows dangerously bright.
The hobgoblin is almost dead.
The hobgoblin hits you.
A hobgoblin is nearby!
You hit the hobgoblin but do no damage.
The hobgoblin shudders as magic cascades through it.
You kill the hobgoblin!
You now have 65 gold pieces (gained 1).
You pick up a book of Spatial Translocations and begin reading...
You add the spells Blink, Momentum Strike and Lesser Beckoning to your library.
No target in view!
You see here a giant cockroach corpse.
You open the door.
There is an open door here.
You open the large door.
There is a large open door here.
Terence the Incautious comes into view.
He is wielding a +0 hand axe.
Terence shouts!
There is a large open door here.
A rat comes into view.
There are monsters nearby!
There are monsters nearby!
There are monsters nearby!
Terence hits you with a +0 hand axe.
You hit Terence but do no damage.
Terence begins to glow.
Terence hits you with a +0 hand axe.
There are monsters nearby!
You hit Terence but do no damage.
Terence glows dangerously bright.
Terence hits you with a +0 hand axe!
You hit Terence but do no damage.
Terence shudders as magic cascades through him!
Terence twists and deforms.
Terence is heavily wounded.
Terence hits you with a +0 hand axe.
* * * LOW HITPOINT WARNING * * *
The rat barely misses you.
You hit Terence.
Terence begins to glow.
Terence is severely wounded.
Terence hits you with a +0 hand axe.
You die...

####
#.........##.....#
#
#.........##.....#
#
#.........##.....+
#
#.........##.....#
#
###'#####..'.....#
# #.# ####'.....#
########.#
#.........#
.........#
#.........#
.........#
#...B.....#
.........#
#...@r....#
)†.......#
#.........#
.........#
#.........#
.........#
#.........#
.........#
#.........+
†........#
#.........#
.........#
#.........#
.........#


You could see Terence (contam, misshapen) and a rat.

Vanquished Creatures
  An adder (D:2)
  2 endoplasms
  4 giant cockroaches
  5 goblins
  10 hobgoblins
  A kobold (D:1)
  3 quokkas (D:1)
  A ball python (D:1)
  A bat (D:2)
  2 rats (D:1)
30 creatures vanquished.

Notes
Turn   | Place    | Note
-------+----------+-------------------------------------------
     0 | D:1      | innerfire43 the Gnoll Shapeshifter began the quest for the
                  | Orb.
     0 | D:1      | Reached XP level 1. HP: 17/17 MP: 1/1
   136 | D:1      | Reached XP level 2. HP: 18/23 MP: 2/2
   575 | D:1      | Reached XP level 3. HP: 26/28 MP: 3/3
   754 | D:2      | Reached skill level 1 in Invocations
   997 | D:2      | Noticed Terence
  1004 | D:2      | Slain by Terence

Illustrated notes

Levels and vault maps discovered:
D:1:      lightli_arrival_maybe_door_vault, layout_rooms, kennysheep_nondescript
D:2:      layout_basic, uniq_terence

Skill      XL: |  1  2  3 |
---------------+----------+-----
Invocations    | 1 |  1.0
Fighting       | |  2.6
Short Blades   | |  0.9
Long Blades    | |  0.9
Axes           | |  0.9
Maces & Flails | |  0.9
Polearms       | |  0.9
Staves         | |  0.9
Ranged Weapons | |  0.9
Throwing       | |  0.9
Armour         | |  0.9
Dodging        | |  4.5
Stealth        | |  0.9
Shields        | |  0.9
Unarmed Combat | |  6.5
Spellcasting   | |  0.9
Conjurations   | |  0.6
Hexes          | |  0.6
Summonings     | |  0.6
Necromancy     | |  0.6
Translocations | |  0.6
Transmutations | |  0.6
Fire Magic     | |  0.6
Ice Magic      | |  0.6
Air Magic      | |  0.6
Earth Magic    | |  0.6
Poison Magic   | |  0.6
Evocations     | |  0.9
Shapeshifting  | |  6.5

Action                     || total
---------------------------++-------
  Melee: Unarmed           ||    87
         Bite              ||     6
 Armour: Animal skin       ||    12
  Dodge: Dodged            ||    42
   Form: Flux              ||     1

Table legend: (Time is in decaauts)
 A = Elapsed time spent in this place.
 B = Non-inter-level travel time spent in this place.
 C = Inter-level travel time spent in this place.
 D = Time resting spent in this place.
 E = Time spent auto-exploring this place.
 F = Levels seen in this place.
 G = Mean time per level.
                   A        B        C        D        E       F      G
               +--------+--------+--------+--------+--------+-----+--------+
         Total |    992 |    973 |     19 |      0 |    790 |   2 |  496.0 |
       Dungeon |    992 |    973 |     19 |      0 |    790 |   2 |  496.0 |
               +--------+--------+--------+--------+--------+-----+--------+

Top non-repeatable levels by time:
     D:1: 620 daAuts
     D:2: 372 daAuts
